 Dungeon Crawl Stone Soup version 0.28.0-45-g0d030f2227 (webtiles) character file.

Game seed: 15510331450239315500

532 Ablot the Cutter (level 7, -7/60 HPs)
             Began as a Gnoll Chaos Knight on Apr 11, 2022.
             Was a Plaything of Xom.
             Mangled by Menkaure (8 damage)
             ... on level 4 of the Dungeon.
             The game lasted 00:05:10 (3210 turns).

Ablot the Cutter (Gnoll Chaos Knight)               Turns: 3210, Time: 00:05:12

Health: -7/60      AC:  4    Str: 16    XL:     7   Next: 24%
Magic:  10/10      EV: 13    Int: 11    God:    Xom [.*....]
Gold:   189        SH:  0    Dex: 12    Spells: 10/10 levels left

rFire   . . .      SeeInvis .   a - +0 short sword (chaos)
rCold   . . .      Faith    .   (no shield)
rNeg    . . .      Spirit   .   n - +1 robe of Loss {rCorr Str+3 Archmagi}
rPois   .          Reflect  .   (no helmet)
rElec   .          Harm     .   (no cloak)
rCorr   +          Rampage  .   (no gloves)
Will    .....      Archmagi +   l - +0 pair of boots
Stlth   ++........              (no amulet)
HPRegen 0.20/turn               (no ring)
MPRegen 0.12/turn               (no ring)

@: unable to read
A: fangs 1, strong nose, distributed training, no potion heal 1, inability to
read while threatened, sturdy frame 1
a: Renounce Religion


You were on level 4 of the Dungeon.
You worshipped Xom.
You were a plaything of Xom.
You visited 1 branch of the dungeon, and saw 4 of its levels.
You also visited: Sewer.

You collected 189 gold pieces.

Inventory:

Hand Weapons
 a - a +0 short sword of chaos (weapon)
Missiles
 e - 13 poisoned darts (quivered)
 f - 20 arrows
 g - 79 stones
 r - 11 sling bullets
 s - 24 bolts
Armour
 l - a +0 pair of boots (worn)
 n - the +1 robe of Loss (worn) {rCorr Str+3 Archmagi}
   (You found it on level 4 of the Dungeon)

   Str:       It affects your strength (+3).
   rCorr:     It protects you from acid and corrosion.
   Archmagi:  It increases the power of your magical spells.
Jewellery
 i - a ring of fire
Scrolls
 b - a scroll of enchant armour {unknown}
 c - a scroll of immolation {unknown}
 d - 2 scrolls of vulnerability {unknown}
 j - a scroll of noise
 k - 2 scrolls of identify {unknown}
 o - 2 scrolls of blinking {unknown}
 p - a scroll of amnesia {unknown}
 q - a scroll of magic mapping {unknown}
Potions
 m - a potion of heal wounds {unknown}
 t - a potion of experience {unknown}
 u - a potion of brilliance {unknown}


   Skills:
 + Level 7.0 Fighting
 + Level 7.0 Short Blades
 + Level 2.3 Long Blades
 + Level 2.3 Axes
 + Level 2.3 Maces & Flails
 + Level 2.3 Polearms
 + Level 2.3 Staves
 + Level 2.3 Slings
 + Level 2.3 Bows
 + Level 2.3 Crossbows
 + Level 2.3 Throwing
 + Level 5.2 Armour
 + Level 3.5 Dodging
 + Level 2.3 Stealth
 + Level 2.3 Shields
 + Level 2.3 Unarmed Combat
 + Level 2.3 Spellcasting
 + Level 1.9 Conjurations
 + Level 1.9 Hexes
 + Level 1.9 Summonings
 + Level 1.9 Necromancy
 + Level 1.9 Translocations
 + Level 1.9 Transmutations
 + Level 1.9 Fire Magic
 + Level 1.9 Ice Magic
 + Level 1.9 Air Magic
 + Level 1.9 Earth Magic
 + Level 1.9 Poison Magic
 + Level 2.6 Invocations
 + Level 2.3 Evocations


You had 10 spell levels left.
You didn't know any spells.
Your spell library contained the following spells:

 Spells                   Type           Power      Damage    Failure   Level
 Gell's Gravitas          Tloc           8%         N/A       36%         3
 Teleport Other           Tloc           8%         N/A       36%         3
 Dispersal                Tloc           4%         N/A       100%        6


Dungeon Overview and Level Annotations

Branches:
Dungeon (4/15)             Temple (0/1) D:4           Sewer (visited)

Altars:
Gozag
Okawaru
Ru
Vehumet

Annotations:
D:4 Menkaure


Innate Abilities, Weirdness & Mutations

You have very sharp teeth.
Your uncanny sense of smell can sniff out nearby items.
Your experience applies equally to all skills.
Potions are less effective at restoring your health.
You sometimes lose the ability to read scrolls when taking damage.
Your movements are slightly less encumbered by armour. (ER -2)


Message History

The lemure hits you. Menkaure breathes soot at you. Menkaure barely misses you.
The lemure hits you.
You barely miss Menkaure.
Menkaure is heavily damaged.
The lemure hits you.
Okay, then.
As you read the scroll labelled QEAGUDGHEDDE, it crumbles to dust.
You hear a loud clanging noise!
It was a scroll of noise.
You hear an angry hiss.
You hear a shout! x4
The lemure misses you. Menkaure hits you but does no damage.
The lemure barely misses you.
Unknown command.
You hit Menkaure but do no damage.
Menkaure easily resists.
Menkaure is heavily damaged.
The lemure completely misses you. Menkaure hits you.
You hit Menkaure.
Menkaure is severely damaged.
The lemure closely misses you. The lemure misses you.
You hit Menkaure.
Menkaure seems to speed up.
Menkaure is severely damaged.
Menkaure calls on the powers of darkness!
Your body is wracked with pain!
* * * LOW HITPOINT WARNING * * *
The lemure hits you but does no damage. The lemure hits you!
* * * LOW HITPOINT WARNING * * *
You barely miss Menkaure.
Menkaure is severely damaged.
Menkaure misses you. The lemure hits you.
* * * LOW HITPOINT WARNING * * *
Unknown command.
It was a potion of mutation.
You feel extremely strange.
You lose the ability to read scrolls when threatened.
Your system partially rejects the healing effects of potions.
You feel less encumbered by your armour.
The lemure barely misses you. Menkaure hits you!
You feel threatened and lose the ability to read scrolls!
You die...
Xom chuckles heartily!

#.# #.†.# .. #.# #...#####...
#.########.........#
#.##...............#
###....................
#......###...........## #
#....##...##...........
########.#...#.5###l.#..#.######
............#..#@5.#..#.#.#
.####..# #..#.#M###.#l#.#.#
.......# #.#.#..?#.#.#..#
.......# #.#.#.>.#.#.#..
........ #.#.#...#.#.#.##
............#.#.###(#.#..#
#.....####..#..#.. #.. M.#
###### #...#..### M#... #...
##.. . .


You could see 2 lemures, Menkaure (fast) and an iguana.

Vanquished Creatures
  Sigmund (D:3)
  Pargi (Sewer)
  An ogre (D:4)
  A jelly (D:4)
  9 adders
  3 dart slugs
  An orc (D:2)
  10 ball pythons
  2 bats
  4 endoplasms
  5 giant cockroaches
  10 goblins
  4 hobgoblins
  2 jackals (D:1)
  3 quokkas (D:2)
  6 frilled lizards
  11 kobolds
  7 rats
81 creatures vanquished.

Notes
Turn   | Place    | Note
-------+----------+-------------------------------------------
     0 | D:1      | Ablot the Gnoll Chaos Knight began the quest for the Orb.
     0 | D:1      | Reached XP level 1. HP: 23/23 MP: 1/1
   107 | D:1      | Reached XP level 2. HP: 29/29 MP: 2/2
   279 | D:1      | XOM: divination: detect items
   557 | D:1      | Reached XP level 3. HP: 35/35 MP: 3/3
   865 | D:1      | Reached skill level 1 in Invocations
   884 | D:1      | Found a faded altar of an unknown god.
   976 | D:2      | Reached skill level 1 in Long Blades
   976 | D:2      | Reached skill level 1 in Axes
   976 | D:2      | Reached skill level 1 in Maces & Flails
   976 | D:2      | Reached skill level 1 in Polearms
   976 | D:2      | Reached skill level 1 in Staves
   976 | D:2      | Reached skill level 1 in Slings
   976 | D:2      | Reached skill level 1 in Bows
   976 | D:2      | Reached skill level 1 in Crossbows
   976 | D:2      | Reached skill level 1 in Throwing
   976 | D:2      | Reached skill level 1 in Stealth
   976 | D:2      | Reached skill level 1 in Shields
   976 | D:2      | Reached skill level 1 in Unarmed Combat
   976 | D:2      | Reached skill level 1 in Spellcasting
   976 | D:2      | Reached skill level 1 in Evocations
  1028 | D:2      | XOM: noise
  1253 | D:2      | Reached XP level 4. HP: 41/41 MP: 5/5
  1757 | D:3      | Reached skill level 1 in Conjurations
  1757 | D:3      | Reached skill level 1 in Hexes
  1757 | D:3      | Reached skill level 1 in Summonings
  1757 | D:3      | Reached skill level 1 in Necromancy
  1757 | D:3      | Reached skill level 1 in Translocations
  1757 | D:3      | Reached skill level 1 in Transmutations
  1757 | D:3      | Reached skill level 1 in Fire Magic
  1757 | D:3      | Reached skill level 1 in Ice Magic
  1757 | D:3      | Reached skill level 1 in Air Magic
  1757 | D:3      | Reached skill level 1 in Earth Magic
  1757 | D:3      | Reached skill level 1 in Poison Magic
  1839 | D:3      | Noticed Sigmund
  1844 | D:3      | XOM: divination: detect creatures
  1847 | D:3      | XOM: confuse monster(s)
  1859 | D:3      | Killed Sigmund
  1860 | D:3      | Reached XP level 5. HP: 10/47 MP: 5/7
  1860 | D:3      | Reached XP level 6. HP: 11/53 MP: 5/8
  2235 | D:3      | Found an opulent altar of Gozag.
  2238 | D:3      | Found a radiant altar of Vehumet.
  2240 | D:3      | Found a sacrificial altar of Ru.
  2241 | D:3      | Found an iron altar of Okawaru.
  2336 | D:3      | Found a glowing drain.
  2372 | D:3      | Reached skill level 5 in Armour
  2391 | Sewer    | Entered a sewer
  2646 | Sewer    | XOM: noise
  2647 | Sewer    | Noticed Pargi
  2657 | Sewer    | Killed Pargi
  2954 | D:4      | Reached XP level 7. HP: 54/60 MP: 10/10
  2995 | D:4      | XOM: god gift: 11 sling bullets
  3017 | D:4      | Identified the +1 robe of Loss {rCorr Str+3 Archmagi}
  3156 | D:4      | Found a staircase to the Ecumenical Temple.
  3162 | D:4      | Noticed Menkaure
  3188 | D:4      | XOM: cast spell 'Cause Fear'
  3209 | D:4      | HP: 1/60 [lemure[Pikel] (4)]
  3210 | D:4      | Gained mutation: You sometimes lose the ability to read
                  | scrolls when taking damage. [potion of mutation]
  3210 | D:4      | Gained mutation: Potions are less effective at restoring
                  | your health. [potion of mutation]
  3210 | D:4      | Gained mutation: Your movements are slightly less
                  | encumbered by armour. (ER -2) [potion of mutation]
  3210 | D:4      | Mangled by Menkaure

Illustrated notes

Levels and vault maps discovered:
D:1:      minmay_arrival_semitransparent, layout_basic,
          shapermc_ecumenical_altar_hornbeckon
D:2:      layout_rooms
D:3:      layout_rooms, grunt_temple_overflow_open, gup_sewer_entry_glass,
          uniq_sigmund
D:4:      layout_loops_cross, minmay_temple_entry_steel_oval,
          grunt_ministairs_3, uniq_pikel, uniq_menkaure

Skill      XL: |  1  2  3  4  5  6 |
---------------+-------------------+-----
Invocations    | 1 2 |  2.6
Long Blades    | 1 2 |  2.3
Axes           | 1 2 |  2.3
Maces & Flails | 1 2 |  2.3
Polearms       | 1 2 |  2.3
Staves         | 1 2 |  2.3
Slings         | 1 2 |  2.3
Bows           | 1 2 |  2.3
Crossbows      | 1 2 |  2.3
Throwing       | 1 2 |  2.3
Stealth        | 1 2 |  2.3
Shields        | 1 2 |  2.3
Unarmed Combat | 1 2 |  2.3
Spellcasting   | 1 2 |  2.3
Evocations     | 1 2 |  2.3
Conjurations   | 1 |  1.9
Hexes          | 1 |  1.9
Summonings     | 1 |  1.9
Necromancy     | 1 |  1.9
Translocations | 1 |  1.9
Transmutations | 1 |  1.9
Fire Magic     | 1 |  1.9
Ice Magic      | 1 |  1.9
Air Magic      | 1 |  1.9
Earth Magic    | 1 |  1.9
Poison Magic   | 1 |  1.9
Dodging        | 3 |  3.5
Armour         | 5 |  5.2
Fighting       | 7 |  7.0
Short Blades   | 7 |  7.0

Action                   |  1- 3 |  4- 6 |  7- 9 || total
-------------------------+-------+-------+-------++-------
Melee: Short sword       |   122 |   135 |    27 ||   284
       Bite              |    11 |     7 |     5 ||    23
       Punch             |     1 |     2 |     1 ||     4
Throw: Dart              |       |     6 |     2 ||     8
  Use: Scroll            |       |       |     1 ||     1
       Potion            |       |       |     1 ||     1
 Stab: Paralysed         |     1 |       |       ||     1
       Sleeping          |       |     4 |     1 ||     5
Armor: Leather armour    |    36 |    15 |       ||    51
       Robe              |       |     9 |     4 ||    13
Dodge: Dodged            |    58 |    76 |    19 ||   153
